 Dungeon Crawl Stone Soup version 0.26.1-2-gb8aa6d0cf2 (webtiles) character file.

Game seed: 17401249017315082198

107 Qrupt the Sneak (level 4, 0/27 HPs)
             Began as an Octopode Earth Elementalist on Feb 28, 2021.
             Succumbed to an adder's poison
             ... on level 2 of the Dungeon.
             The game lasted 00:03:10 (2253 turns).

Qrupt the Sneak (Octopode Earth Elementalist)       Turns: 2253, Time: 00:03:10

Health: 0/27       AC:  1    Str:  6 (7)  XL:     4   Next: 85%
Magic:  12/17      EV: 13    Int: 15 (18) God:
Gold:   69         SH:  0    Dex: 11 (12) Spells: 5/8 levels left

rFire    + . .     SeeInvis .   j - +0 dagger
rCold    x . .     Faith    .   (no shield)
rNeg     . . .     Spirit   .   (helmet restricted)
rPois    .         Reflect  .   (no amulet)
rElec    .         Harm     .   c - ring of fire
rCorr    .         Rampage  .   g - ring of magical power
Will     .....                  (no ring)
Stlth    +++.......             (no ring)
HPRegen  0.09/turn              (no ring)
MPRegen  0.15/turn              (no ring)
                                (no ring)
                                (no ring)

@: lethally poisoned (0 -> -7), flying, very slightly contaminated, hasted,
invisible, very quick
A: almost no armour, stealthy swim, amphibious, 8 rings, constrict 8, camouflage
1, gelatinous body 1
a: no special abilities


You were on level 2 of the Dungeon.
You visited 1 branch of the dungeon, and saw 2 of its levels.

You collected 69 gold pieces.

Inventory:

Hand Weapons
 j - a +0 dagger (weapon)
Missiles
 b - 44 stones
Magical Staves
 l - an uncursed staff of poison
Jewellery
 c - a ring of fire (left tentacle)
 g - a ring of magical power (right tentacle)
Scrolls
 a - a scroll of identify {unknown}
 k - 2 scrolls of teleportation {unknown}
Potions
 h - a potion of degeneration
 i - a potion of curing {unknown}


   Skills:
 + Level 2.6 Dodging
 + Level 3.9 Stealth
 + Level 2.7 Spellcasting
 - Level 2.0 Transmutations
 + Level 3.6 Earth Magic


You had 5 spell levels left.
You knew the following spells:

 Your Spells              Type           Power        Failure   Level
a - Sandblast             Erth           26%          4%          1
b - Passwall              Tmut/Erth      8%           10%         2

Your spell library contained the following spells:

 Spells                   Type           Power        Failure   Level
 Stone Arrow              Conj/Erth      14%          28%         3
 Petrify                  Tmut/Erth      10%          54%         4
 Lee's Rapid Deconstruct  Erth           6%           77%         5


Dungeon Overview and Level Annotations

Branches:
Dungeon (2/15)

Altars:


Innate Abilities, Weirdness & Mutations

You cannot wear most types of armour.
You are very stealthy in the water. (Stealth+)
You are amphibious.
You can wear up to eight rings at the same time.
You can use your tentacles to constrict eight enemies at once.
Your skin changes colour to match your surroundings (Stealth+).
Your rubbery body absorbs attacks. (AC +1, EV +1)


Message History

Aiming: Sandblast (safe; 3% risk of failure)
Press: ? - help, Shift-Dir - straight line, f/p - adder
Aim: an adder (almost dead, 34% to evade)
The blast of sand hits the adder!
You kill the adder!
It was a potion of degeneration.
There was something very wrong with that liquid.
You feel weakened.
You feel dopey.
You feel clumsy.
* * * LOW HITPOINT WARNING * * *
You feel sick.
It was a potion of haste.
You feel yourself speed up.
* * * LOW HITPOINT WARNING * * *
You feel sick.
It was a potion of invisibility.
You fade into invisibility!
You are very lightly contaminated with residual magic.
It was a potion of flight.
You feel very buoyant.
You fly up into the air.
You die...

#..# #.#....###..###...###. ##.#
#.^...## #..# ##..# #. #.# #....#
##..## ##.# #. #.##
#....####....# ##.###. #..#
#.....##..##..##...##.
########.###.....................
#.........##.#............######.
#.######..##.#.############ #.
#.# #...#.<..@..# #. #.#
#.#.#.......# #. #.#
#.#.........# #. #†#
#.##....(...# #. #.#
#.##..#.##### #) #.######.##..#.#
#. #........##..#.# #.
.........###.#. #. ##...[...#
#.#.# ######## #.


There were no monsters in sight!

Vanquished Creatures
  Terence (D:2)
  3 adders (D:2)
  An ooze (D:1)
  A dart slug (D:1)
  3 leopard geckos
  A ball python (D:2)
  A giant cockroach (D:2)
  3 goblins
  6 hobgoblins
  6 jackals
  2 kobolds (D:1)
  A quokka (D:2)
  7 bats
  4 frilled lizards (D:1)
  6 rats
46 creatures vanquished.

Notes
Turn   | Place    | Note
-------+----------+-------------------------------------------
     0 | D:1      | Qrupt the Octopode Earth Elementalist began the quest for
                  | the Orb.
     0 | D:1      | Reached XP level 1. HP: 11/11 MP: 3/3
   174 | D:1      | Reached XP level 2. HP: 17/17 MP: 1/5
   884 | D:1      | Learned a level 2 spell: Passwall
   946 | D:1      | Reached XP level 3. HP: 19/21 MP: 6/6
  1387 | D:1      | You fall into a shaft and drop 1 floor!
  1788 | D:2      | Reached XP level 4. HP: 22/27 MP: 7/7
  1876 | D:2      | Noticed Terence
  1886 | D:2      | Killed Terence
  2251 | D:2      | HP: 1/27 [poisoned by an adder]
  2253 | D:2      | Succumbed to an adder's poison

Illustrated notes

Levels and vault maps discovered:
D:1:      grunt_arrival_crossed_arrows, layout_basic,
          corexii_hall_statues_deadend
D:2:      layout_basic, palyth_stone_intersect, uniq_terence

Skill      XL: |  1  2  3  4 |
---------------+-------------+-----
Stealth        | 3 |  3.9
Transmutations | 2 |  2.0
Dodging        | |  2.6
Spellcasting   | |  2.7
Earth Magic    | |  3.6

Action                   |  1- 3 |  4- 6 || total
-------------------------+-------+-------++-------
Melee: Unarmed           |    34 |       ||    34
       Constrict         |    15 |     5 ||    20
       Tentacles         |     7 |     3 ||    10
       Dagger            |    30 |    24 ||    54
 Cast: Sandblast         |    25 |     6 ||    31
  Use: Potion            |       |     4 ||     4
 Stab: Sleeping          |     5 |     3 ||     8
Armor: Skin              |     9 |     3 ||    12
Dodge: Dodged            |    54 |    18 ||    72
